 Dungeon Crawl Stone Soup version 0.21.1-1-g345015fe64 (webtiles) character file.

96 Dreamer the Ruffian (level 4, -1/33 HPs)
             Began as a Formicid Transmuter on Apr 13, 2018.
             Slain by an orc
             ... wielding a +0 club
              (6 damage)
             ... on level 2 of the Dungeon.
             The game lasted 00:08:38 (3156 turns).

Dreamer the Ruffian (Formicid Transmuter)           Turns: 3156, Time: 00:08:39

Health: -1/33      AC:  0    Str: 15    XL:     4   Next: 98%
Magic:  7/7        EV: 12    Int: 12    God:
Gold:   104        SH:  0    Dex: 12    Spells: 3/7 levels left

rFire    . . .     SeeInvis +     - Unarmed
rCold    . . .     Gourm    .   (no shield)
rNeg     + . .     Faith    .   (no armour)
rPois    .         Spirit   .   (helmet unavailable)
rElec    .         Reflect  .   (no cloak)
rCorr    .         Harm     .   (no gloves)
MR       .....                  (no boots)
Stlth    +.........             (no amulet)
HPRegen  0.11/turn              g - ring of positive energy
MPRegen  0.10/turn              (no ring)

@: very slightly contaminated
A: permanent stasis, dig shafts and tunnels, four strong arms, antennae 3
a: Dig, Shaft Self


You were on level 2 of the Dungeon.
You were hungry.

You visited 1 branch of the dungeon, and saw 3 of its levels.

You collected 104 gold pieces.

Inventory:

Missiles
 a - 16 arrows
Armour
 o - a +0 scale mail
Jewellery
 g - a ring of positive energy (left hand)
Scrolls
 e - 3 scrolls of identify {unknown}
 f - 2 scrolls of teleportation {unknown}
 h - a scroll of amnesia {unknown}
 i - 2 scrolls of blinking {unknown}
 l - a scroll of remove curse {unknown}
 n - a scroll of fear {unknown}
Potions
 j - 2 potions of heal wounds {unknown}
 k - a potion of curing {unknown}
Books
 c - a book of Changes

   Spells                             Type                      Level
   a - Beastly Appendage              Transmutation                1
   b - Sticks to Snakes               Transmutation                2
   c - Spider Form                    Transmutation/Poison         3
   d - Ice Form                       Ice/Transmutation            4
   e - Blade Hands                    Transmutation                5
Comestibles
 d - 4 rations


   Skills:
 - Level 2.2 Fighting
 + Level 1.7 Armour
 + Level 2.4 Dodging
 - Level 3.9 Unarmed Combat
 - Level 2.1 Spellcasting
 * Level 2.3 Transmutations


You had 3 spell levels left.
You knew the following spells:

 Your Spells              Type           Power        Failure   Level  Hunger
a - Beastly Appendage     Tmut           #.....       11%         1    ##.....
b - Spider Form           Tmut/Pois      #.........   45%         3    ####...


Dungeon Overview and Level Annotations

Branches:
Dungeon (3/15)

Altars:
Sif Muna
Yredelemnul

Portals:
Sewer: D:3

Annotations:
D:3 Sergeek's ghost, amateur HOFi


Innate Abilities, Weirdness & Mutations

You cannot be hasted, slowed, berserked, paralysed or teleported.
You can dig through walls and to a lower floor.
Your four strong arms can wield two-handed weapons with a shield.
You have a pair of large antennae on your head. (SInv)


Message History

You kill the orc!
You hit the orc but do no damage. You barely miss the orc.
The orc completely misses you.
You hit the orc but do no damage. The orc misses you.
You hit the orc.
The orc is heavily wounded.
The orc hits you but does no damage.
You closely miss the orc.
The orc is heavily wounded.
The orc hits you with a club.
* * * LOW HITPOINT WARNING * * *
You barely miss the orc.
The orc is heavily wounded.
The orc closely misses you.
You hit the orc.
The orc is almost dead.
You completely miss the orc.
The orc is almost dead.
The orc hits you with a club.
You die...

#.# #.# #.# #.#### #.#
#.# #....# #.# #.#
####.# #.# #.# #.# #.#
#.# #.# #.# #.#
#######.######.# #.#
#..............# ##.#
#.#####@######## #..#
#)# #o# #.## #.# #.###
#.# #.# #...# #.# #.#
#>#.# #.# #.#
###...########.##### #.#
#.......##..........
#.###....._.....####.###
#.#.....................


You could see an orc.

Vanquished Creatures
  4 adders (D:2)
  2 worms (D:2)
  A dart slug (D:1)
  5 leopard geckos
  An orc (D:2)
  7 bats
  3 giant cockroaches
  6 goblins
  3 hobgoblins
  2 kobolds (D:2)
  A quokka (D:2)
  2 ball pythons
  4 frilled lizards
  6 rats
47 creatures vanquished.

Notes
Turn   | Place    | Note
-------+----------+-------------------------------------------
     0 | D:1      | Dreamer the Formicid Transmuter began the quest for the Orb.
     0 | D:1      | Reached XP level 1. HP: 15/15 MP: 3/3
   356 | D:1      | Reached XP level 2. HP: 6/21 MP: 3/5
   793 | D:1      | Reached XP level 3. HP: 26/26 MP: 6/6
   810 | D:1      | Reached skill level 1 in Armour
  1507 | D:2      | Reached XP level 4. HP: 13/33 MP: 7/7
  2521 | D:2      | Found a basalt altar of Yredelemnul.
  2554 | D:2      | Found a deep blue altar of Sif Muna.
  2597 | D:2      | Learned a level 3 spell: Spider Form
  2791 | D:3      | Found a glowing drain.
  2798 | D:3      | Noticed Sergeek's ghost (amateur HOFi)
  3156 | D:2      | Slain by an orc

Skill      XL: |  1  2  3  4 |
---------------+-------------+-----
Dodging        | 2 |  2.4
Armour         | 1 |  1.7
Fighting       | 2 |  2.2
Unarmed Combat | |  3.9
Spellcasting   | |  2.1
Transmutations | |  2.3

Action                   |  1- 3 |  4- 6 || total
-------------------------+-------+-------++-------
Melee: Unarmed           |    82 |    80 ||   162
       Kick              |     6 |     7 ||    13
       Punch             |     2 |     1 ||     3
 Cast: Beastly Appendage |    10 |     4 ||    14
       Spider Form       |       |     1 ||     1
 Stab: Sleeping          |       |     1 ||     1
  Eat: Chunk             |     2 |     5 ||     7
Armor: Robe              |    13 |     6 ||    19
       Skin              |       |     1 ||     1
Dodge: Dodged            |    51 |    52 ||   103
